[Event "International chess holiday K21"]
[Site "?"]
[Date "2017.07.25"]
[Round "4"]
[White "Schoenmakers, Nico"]
[Black "Sittinger, Lutz"]
[Result "1/2-1/2"]
[ECO "C78"]
[WhiteElo "1808"]
[BlackElo "1867"]
[Annotator "Koller,Martin"]
[PlyCount "63"]
[TimeControl "240+2"]

{279MB} 1. e4 e5 2. Nf3 Nc6 3. Bb5 a6 4. Ba4 b5 5. Bb3 Bc5 6. c3 Nf6 7. d3 h6
8. O-O O-O 9. h3 Bb7 10. Re1 Re8 11. Nbd2 d6 12. Nf1 Qd7 13. Be3 Bxe3 14. Nxe3
Ne7 15. Rc1 Rad8 16. a4 c6 17. axb5 axb5 18. Qc2 Ng6 19. c4 Rc8 20. cxb5 cxb5
21. Qd2 Rxc1 22. Rxc1 Nf4 23. Kh2 d5 24. exd5 N4xd5 25. Nxd5 Bxd5 26. Bxd5 Qxd5
27. Re1 Qd6 28. Kg1 Kf8 29. Qc3 e4 30. dxe4 Nxe4 31. Qc2 Qc5 32. Qxc5+ 1/2-1/2

[Event "International chess holiday K21"]
[Site "?"]
[Date "2017.07.25"]
[Round "4"]
[White "Vojta, Jakub"]
[Black "Vlkova, Anezka"]
[Result "1-0"]
[ECO "C42"]
[WhiteElo "1945"]
[BlackElo "1828"]
[Annotator "Koller,Martin"]
[PlyCount "41"]
[TimeControl "240+2"]

{279MB} 1. e4 e5 2. Nf3 Nf6 3. Nxe5 d6 4. Nf3 Nxe4 5. Nc3 Nxc3 6. dxc3 Be7 7.
Bf4 Be6 8. Qd2 Nc6 9. Bd3 Qd7 10. O-O-O O-O-O 11. Rhe1 Bf6 12. Kb1 h6 13. Bb5
g5 14. Be3 Kb8 15. Bd4 Bxd4 16. Nxd4 Bd5 17. c4 Bxg2 18. f3 Bxf3 19. Nxf3 f5
20. Ne5 Qg7 21. Nxc6+ 1-0

[Event "International chess holiday K21"]
[Site "?"]
[Date "2017.07.25"]
[Round "4"]
[White "Rull, Michael"]
[Black "Zacek, Petr"]
[Result "0-1"]
[ECO "D02"]
[WhiteElo "1805"]
[BlackElo "1939"]
[Annotator "Koller,Martin"]
[PlyCount "50"]
[TimeControl "240+2"]

{279MB} 1. d4 Nf6 2. Bf4 d5 3. e3 e6 4. c3 Bd6 5. Bg3 O-O 6. Nd2 c5 7. Bd3 Nc6
8. Ngf3 b6 9. e4 dxe4 10. Nxe4 Bxg3 11. hxg3 h6 12. dxc5 bxc5 13. Qc2 Qe7 14.
Nxf6+ Qxf6 15. Bh7+ Kh8 16. Be4 Bb7 17. O-O-O Na5 18. g4 Qf4+ 19. Nd2 Qxg4 20.
g3 Bxe4 21. Nxe4 c4 22. Rd7 Nc6 23. Rh4 Qg6 24. g4 f5 25. Nd6 Qg5+ 0-1

[Event "International chess holiday K21"]
[Site "?"]
[Date "2017.07.25"]
[Round "4"]
[White "Ekberg, Karl"]
[Black "Morling, Joakim"]
[Result "0-1"]
[ECO "D53"]
[WhiteElo "1848"]
[BlackElo "2000"]
[Annotator "Koller,Martin"]
[PlyCount "50"]
[TimeControl "240+2"]

{279MB} 1. d4 d5 2. c4 e6 3. Nc3 Nf6 4. Bg5 Be7 5. cxd5 Nxd5 6. Bxe7 Qxe7 7. e4
Nxc3 8. bxc3 e5 9. f3 O-O 10. Qd2 f5 11. Bd3 fxe4 12. fxe4 Bg4 13. d5 Qh4+ 14.
g3 Qf6 15. Qe3 Nd7 16. Be2 Bxe2 17. Kxe2 Qa6+ 18. Qd3 Rf2+ 19. Ke3 Qb6+ 20. Qd4
exd4+ 21. Kxf2 Qb2+ 22. Ne2 d3 23. Rae1 dxe2 24. Rxe2 Rf8+ 25. Ke3 Qxc3# 0-1

[Event "International chess holiday K22"]
[Site "?"]
[Date "2017.07.25"]
[Round "4"]
[White "Pribyl, Jaroslav"]
[Black "Hammerman, Christian"]
[Result "0-1"]
[ECO "B09"]
[WhiteElo "1951"]
[BlackElo "1836"]
[Annotator "Koller,Martin"]
[PlyCount "92"]
[TimeControl "240+2"]

{279MB} 1. d4 Nf6 2. Nc3 g6 3. e4 d6 4. f4 Bg7 5. Nf3 Bg4 6. Be2 c5 7. dxc5 Qa5
8. Qd3 Qxc5 9. Be3 Qc8 10. O-O O-O 11. Rab1 Nbd7 12. b4 a6 13. h3 Bxf3 14. Bxf3
Re8 15. Ne2 Qc7 16. Rfc1 Rac8 17. c4 Qb8 18. a4 Red8 19. Nc3 e6 20. a5 Qc7 21.
Na4 Qb8 22. Nb6 Nxb6 23. Bxb6 Rd7 24. Qe3 Re8 25. Rd1 h5 26. Rd3 Qc8 27. Rc1
Bh6 28. g4 hxg4 29. hxg4 Bg7 30. Bd1 Qc6 31. Bf3 Qa4 32. g5 Nh5 33. Bd1 Qc6 34.
Ra3 e5 35. Ba4 Qc8 36. Bxd7 Qxd7 37. Rd3 Nxf4 38. Rd2 Qg4+ 39. Kf1 Qxg5 40. Qg1
Qf6 41. Qf2 Bh6 42. Rcd1 Qe6 43. Rc2 Qh3+ 44. Ke1 Qh1+ 45. Qf1 Qxe4+ 46. Kf2
Qxc2+ 0-1

[Event "International chess holiday K22"]
[Site "?"]
[Date "2017.07.25"]
[Round "4"]
[White "Kovar, Jan"]
[Black "Sniegon, Adam"]
[Result "0-1"]
[ECO "B12"]
[WhiteElo "1870"]
[BlackElo "1740"]
[Annotator "Koller,Martin"]
[PlyCount "64"]
[TimeControl "240+2"]

{279MB} 1. e4 c6 2. d4 d5 3. e5 Bf5 4. Ne2 e6 5. Ng3 Bg6 6. h4 h6 7. h5 Bh7 8.
Bd3 Bxd3 9. cxd3 Be7 10. Qg4 Bf8 11. O-O Nd7 12. f4 Qb6 13. f5 Nxe5 14. Qf4
Nxd3 15. Qe3 Nxc1 16. fxe6 Ne2+ 17. Nxe2 Nf6 18. Nbc3 Bd6 19. exf7+ Kxf7 20.
Qd3 Rhf8 21. Qf5 Qc7 22. Rf3 Kg8 23. Raf1 Qf7 24. g4 Rae8 25. Kg2 b5 26. a3 a5
27. R1f2 Qe6 28. Ng3 Nxg4 29. Qxe6+ Rxe6 30. Rxf8+ Bxf8 31. Rf4 Ne3+ 32. Kf3
Bd6 0-1

[Event "International chess holiday K22"]
[Site "?"]
[Date "2017.07.25"]
[Round "4"]
[White "Trebbin, Wolfhard"]
[Black "Michalek, Frantisek"]
[Result "0-1"]
[ECO "E18"]
[WhiteElo "1947"]
[BlackElo "2065"]
[Annotator "Koller,Martin"]
[PlyCount "58"]
[TimeControl "240+2"]

{279MB} 1. d4 Nf6 2. Nf3 e6 3. g3 b6 4. Bg2 Bb7 5. O-O Be7 6. c4 d5 7. Nc3 O-O
8. Ne5 Nbd7 9. cxd5 exd5 10. Qa4 Nb8 11. Bf4 c6 12. Rac1 b5 13. Qc2 Nbd7 14.
Nd3 a5 15. e4 Nb6 16. Nc5 Bc8 17. e5 Nfd7 18. e6 Nxc5 19. dxc5 Nc4 20. exf7+
Rxf7 21. b3 Na3 22. Qd2 Be6 23. Qe3 Qd7 24. Rfd1 Re8 25. Qd4 Bf6 26. Qd2 b4 27.
Na4 Nb5 28. Nb6 Qd8 29. Re1 Bc3 0-1

[Event "International chess holiday K22"]
[Site "?"]
[Date "2017.07.25"]
[Round "4"]
[White "Sedlak, Ludek"]
[Black "Philipp, Mathias"]
[Result "1/2-1/2"]
[ECO "C41"]
[WhiteElo "1935"]
[BlackElo "1982"]
[Annotator "Koller,Martin"]
[PlyCount "42"]
[TimeControl "240+2"]

{279MB} 1. e4 d6 2. d4 Nf6 3. Nc3 e5 4. Bc4 Nbd7 5. Nf3 h6 6. dxe5 dxe5 7. O-O
Bb4 8. Qd3 O-O 9. Rd1 Qe7 10. Nh4 Nc5 11. Ng6 Nxd3 12. Nxe7+ Bxe7 13. Rxd3 c6
14. f3 b5 15. Bb3 a5 16. a3 Ba6 17. Rd1 Bc5+ 18. Kf1 Rfd8 19. Bd2 Kf8 20. Ne2
a4 21. Ba2 Ke8 1/2-1/2

[Event "International chess holiday K22"]
[Site "?"]
[Date "2017.07.25"]
[Round "4"]
[White "Reichmann, Steffen"]
[Black "Vorisek, Jakub"]
[Result "1/2-1/2"]
[ECO "B01"]
[WhiteElo "1968"]
[BlackElo "1883"]
[Annotator "Koller,Martin"]
[PlyCount "155"]
[TimeControl "240+2"]

{279MB} 1. e4 d5 2. exd5 Nf6 3. Bb5+ Bd7 4. Bc4 b5 5. Bb3 a5 6. a4 bxa4 7. Bc4
c6 8. dxc6 Bxc6 9. Nf3 Nbd7 10. O-O Nb6 11. Ba2 e6 12. d4 Be7 13. c4 O-O 14.
Be3 Rc8 15. Ne5 Bb7 16. Nc3 Ba6 17. Nxa4 Nxc4 18. Bxc4 Bxc4 19. Nxc4 Rxc4 20.
Qd3 Rb4 21. Qa6 Qa8 22. Qxa8 Rxa8 23. f3 Nd5 24. Bf2 h6 25. g3 Nb6 26. Nxb6
Rxb6 27. Rfb1 Bf6 28. Ra4 Rb5 29. Be1 Rab8 30. Bc3 Rb3 31. Rba1 Bd8 32. Rc4 Kh7
33. Rc6 R8b5 34. Ra4 Bf6 35. Rc7 Kg6 36. Ra7 e5 37. Ra6 Kh7 38. dxe5 Bxe5 39.
R6xa5 Bxc3 40. Rxb5 Rxb5 41. bxc3 Rb3 42. Rc4 Rb2 43. Rc7 Kg6 44. c4 Rc2 45. h4
Kf6 46. c5 Ke6 47. Kf1 g6 48. Ke1 h5 49. c6 Kd5 50. Rd7+ Ke6 51. Rc7 Kd5 52.
Rxf7 Rxc6 53. Re7 Ra6 54. Ke2 Kd4 55. Re4+ Kd5 56. Ke3 Rf6 57. Ra4 Re6+ 58. Kd3
Rb6 59. Ra5+ Ke6 60. Ra4 Kd5 61. Re4 Rb3+ 62. Ke2 Rb6 63. Ke3 Rf6 64. Re8 Rf7
65. f4 Ra7 66. Re5+ Kd6 67. Rg5 Re7+ 68. Kd4 Re6 69. Ra5 Ke7 70. f5 gxf5 71.
Rxf5 Rg6 72. Rg5 Rd6+ 73. Ke4 Re6+ 74. Kf3 Rf6+ 75. Kg2 Rh6 76. Rf5 Ke6 77. Rf4
Ke5 78. Kh3 1/2-1/2

[Event "International chess holiday M21"]
[Site "?"]
[Date "2017.07.25"]
[Round "5"]
[White "Thomasson, Sergey"]
[Black "Kasparov, Staffan"]
[Result "0-1"]
[ECO "A07"]
[WhiteElo "1921"]
[BlackElo "2474"]
[Annotator "Koller,Martin"]
[PlyCount "58"]
[TimeControl "240+2"]

{279MB} 1. g3 d5 2. Bg2 Nf6 3. Nf3 c6 4. d3 Bg4 5. h3 Bxf3 6. Bxf3 Nbd7 7. Nd2
e5 8. e4 d4 9. O-O h5 10. Bg2 h4 11. g4 Qc7 12. c3 c5 13. cxd4 cxd4 14. Qa4 a6
15. Qc4 Qxc4 16. Nxc4 b5 17. Nxe5 Nxe5 18. f4 Bd6 19. fxe5 Bxe5 20. Bf4 Nd7 21.
Rac1 O-O 22. Bg5 Bg3 23. Bf4 Bxf4 24. Rxf4 Ne5 25. Bf1 Rac8 26. Rd1 Rc2 27. Rf2
Rfc8 28. Rdd2 Rxd2 29. Rxd2 Nf3+ 0-1

[Event "International chess holiday M21"]
[Site "?"]
[Date "2017.07.25"]
[Round "5"]
[White "Lokander, Martin"]
[Black "Houska, Jiri"]
[Result "1-0"]
[ECO "B78"]
[WhiteElo "2329"]
[BlackElo "2191"]
[Annotator "Koller,Martin"]
[PlyCount "67"]
[TimeControl "240+2"]

{279MB} 1. e4 c5 2. Nf3 d6 3. d4 cxd4 4. Nxd4 Nf6 5. Nc3 g6 6. Be3 Bg7 7. f3
O-O 8. Qd2 Nc6 9. Bc4 Bd7 10. O-O-O Rc8 11. Bb3 Ne5 12. Kb1 Re8 13. h4 h5 14.
g4 hxg4 15. h5 Nxh5 16. Bh6 Bf6 17. Nd5 gxf3 18. Nxf6+ exf6 19. Rdg1 Ng4 20.
Nf5 Rxe4 21. Nxd6 f2 22. Rg2 Re1+ 23. Rxe1 fxe1=Q+ 24. Qxe1 Ne5 25. Qe2 Bg4 26.
Rxg4 Qxd6 27. Rg1 Kh7 28. Bc1 Rd8 29. Qe3 Kg8 30. Qh6 Ng7 31. a3 b5 32. Bf4 Ng4
33. Qxg6 Qxf4 34. Rxg4 1-0

[Event "International chess holiday M21"]
[Site "?"]
[Date "2017.07.25"]
[Round "5"]
[White "Vojta, Tomas"]
[Black "Hartwig, Maik"]
[Result "1-0"]
[ECO "B06"]
[WhiteElo "2367"]
[BlackElo "2097"]
[Annotator "Koller,Martin"]
[PlyCount "73"]
[TimeControl "240+2"]

{279MB} 1. e4 g6 2. d4 Bg7 3. Nc3 d5 4. exd5 Nf6 5. Bb5+ Bd7 6. Be2 O-O 7. Bf3
c6 8. dxc6 Nxc6 9. Nge2 Bg4 10. Bxg4 Nxg4 11. h3 Nf6 12. Be3 Qa5 13. O-O Rad8
14. Qc1 Rd7 15. a3 Ne8 16. Rd1 Qd8 17. Qd2 Nd6 18. d5 Ne5 19. b3 Nf5 20. f4 Nc6
21. Bf2 e6 22. Rab1 Qa5 23. b4 Qd8 24. Qd3 Re8 25. Qf3 exd5 26. Rxd5 Rxd5 27.
Nxd5 Rxe2 28. Qxe2 Qxd5 29. Rd1 Qe6 30. Qxe6 fxe6 31. Rd7 Bd4 32. Rxb7 a6 33.
Rc7 Bxf2+ 34. Kxf2 Ncd4 35. c4 Nc2 36. b5 axb5 37. cxb5 1-0

[Event "International chess holiday M21"]
[Site "?"]
[Date "2017.07.25"]
[Round "5"]
[White "Hogeman, Joel"]
[Black "Hentzgen, Thomas"]
[Result "1/2-1/2"]
[ECO "E61"]
[WhiteElo "2091"]
[BlackElo "2015"]
[Annotator "Koller,Martin"]
[PlyCount "88"]
[TimeControl "240+2"]

{279MB} 1. d4 Nf6 2. c4 g6 3. Nc3 Bg7 4. Nf3 d6 5. Bg5 h6 6. Bh4 O-O 7. e3 Qe8
8. Be2 a5 9. O-O Na6 10. h3 Bf5 11. Bg3 Ne4 12. Nxe4 Bxe4 13. Rc1 e5 14. Nd2
Bc6 15. d5 Bd7 16. b3 f5 17. f4 Qe7 18. Re1 g5 19. Kh2 Bf6 20. Kh1 Kh8 21. Bh2
Rg8 22. g4 gxf4 23. exf4 Bh4 24. fxe5 Bxe1 25. Qxe1 dxe5 26. gxf5 Bxf5 27. Nf3
e4 28. Nh4 Raf8 29. Nxf5 Rxf5 30. Bg4 Rfg5 31. Be6 Nc5 32. Bxg8 Kxg8 33. Qe3
Nd3 34. Rf1 Rg6 35. Rd1 Qf7 36. Bg1 Qf5 37. Rd2 Qf1 38. Rh2 Kh7 39. c5 Kg8 40.
d6 cxd6 41. cxd6 Qf3+ 42. Qxf3 exf3 43. Rd2 Rxd6 44. Kh2 Rd5 1/2-1/2

[Event "International chess holiday M21"]
[Site "?"]
[Date "2017.07.25"]
[Round "5"]
[White "Dock, Lars"]
[Black "Malinarski, Yehuda"]
[Result "1/2-1/2"]
[ECO "A36"]
[WhiteElo "2027"]
[BlackElo "2081"]
[Annotator "Koller,Martin"]
[PlyCount "21"]
[TimeControl "240+2"]

{279MB} 1. c4 Nf6 2. Nc3 g6 3. g3 Bg7 4. Bg2 d6 5. e4 e5 6. Nge2 c5 7. O-O Be6
8. d3 Nc6 9. h3 O-O 10. Rb1 Re8 11. a3 neèitelné 1/2-1/2

[Event "International chess holiday K21"]
[Site "?"]
[Date "2017.07.25"]
[Round "5"]
[White "Zacek, Petr"]
[Black "Ekberg, Karl"]
[Result "0-1"]
[ECO "E81"]
[WhiteElo "1939"]
[BlackElo "1848"]
[Annotator "Koller,Martin"]
[PlyCount "108"]
[TimeControl "240+2"]

{279MB} 1. d4 Nf6 2. c4 g6 3. Nc3 Bg7 4. e4 d6 5. f3 O-O 6. Bg5 c5 7. d5 Nbd7
8. Qd2 a6 9. Bh6 Rb8 10. Bxg7 Kxg7 11. a4 Qa5 12. b3 Ne8 13. h4 h5 14. Nh3 Nc7
15. Ra2 Qb4 16. Qb2 b5 17. axb5 axb5 18. Kf2 bxc4 19. Bxc4 Ne5 20. Rb1 Nxc4 21.
bxc4 Qxb2+ 22. Raxb2 Rxb2+ 23. Rxb2 Ba6 24. Na4 Bxc4 25. Rb7 Nb5 26. Nb6 Na3
27. Rxe7 Rb8 28. Nd7 Rb2+ 29. Kg3 Bb5 30. Ng5 Bxd7 31. Rxf7+ Kg8 32. Rxd7 Rb6
33. Rd8+ Kg7 34. Ne6+ Kf6 35. Kf4 c4 36. Nd4 Ke7 37. Rc8 Kd7 38. Rc6 Rb2 39. g4
Rd2 40. Ke3 Rd3+ 41. Kf4 Rxd4 42. gxh5 gxh5 43. Kg5 Rd3 44. f4 Rg3+ 45. Kxh5 c3
46. e5 dxe5 47. fxe5 Nb5 48. Rc5 Nd4 49. Rc4 c2 50. d6 Rg2 51. Rc7+ Kd8 52. Rc4
Rg1 53. d7 c1=Q 54. Rc8+ Qxc8 0-1

[Event "International chess holiday K21"]
[Site "?"]
[Date "2017.07.25"]
[Round "5"]
[White "Spindler, Markus"]
[Black "Vojta, Jakub"]
[Result "1-0"]
[ECO "B06"]
[WhiteElo "1979"]
[BlackElo "1945"]
[Annotator "Koller,Martin"]
[PlyCount "73"]
[TimeControl "240+2"]

{279MB} 1. e4 c5 2. c3 d5 3. exd5 Qxd5 4. d4 g6 5. Nf3 Bg7 6. Na3 cxd4 7. cxd4
Nc6 8. Nb5 Kd8 9. Be3 Bg4 10. Nc3 Qa5 11. Be2 e6 12. O-O Nf6 13. Qb3 Qb4 14. h3
Bf5 15. g4 Qxb3 16. axb3 Bc2 17. Bc4 Ke7 18. d5 exd5 19. Bc5+ Kd7 20. Nxd5 Nxd5
21. Bxd5 f5 22. Bxc6+ bxc6 23. Bd4 Rhg8 24. Bxg7 Rxg7 25. Nd4 Be4 26. Rfd1 Bd5
27. b4 fxg4 28. hxg4 Kd6 29. Ra6 h5 30. Nxc6 hxg4 31. Nd4+ Ke5 32. Ra5 Rd7 33.
Ne2 Rh8 34. Ng3 Rhh7 35. Kf1 Ke6 36. Ra6+ Rd6 37. Re1+ 1-0

[Event "International chess holiday K21"]
[Site "?"]
[Date "2017.07.25"]
[Round "5"]
[White "Vlkova , Anezka"]
[Black "Rull, Michael"]
[Result "1-0"]
[ECO "B25"]
[WhiteElo "1828"]
[BlackElo "1805"]
[Annotator "Koller,Martin"]
[PlyCount "66"]
[TimeControl "240+2"]

{279MB} 1. e4 c5 2. Nc3 Nc6 3. g3 g6 4. Bg2 Bg7 5. d3 d6 6. f4 Nd4 7. h3 f5 8.
Nf3 b5 9. Nxd4 cxd4 10. Ne2 Bb7 11. O-O e5 12. exf5 Bxg2 13. Kxg2 Ne7 14. fxg6
hxg6 15. Ng1 Qc7 16. Rf2 Rc8 17. Nf3 Nf5 18. Qe1 Qc6 19. Kh2 Kd7 20. fxe5 Bxe5
21. Nxe5+ dxe5 22. Qe4 Qe6 23. h4 Nd6 24. Qe2 Qd5 25. Qg4+ Kc6 26. Bg5 e4 27.
Rf4 e3 28. Rxd4 Qc5 29. c3 e2 30. Be7 Rce8 31. Bxd6 Qxd4 32. Qxd4 e1=Q 33. Rxe1
Rxe1 1-0

[Event "International chess holiday K21"]
[Site "?"]
[Date "2017.07.25"]
[Round "5"]
[White "Sittinger, Lutz"]
[Black "Kasparova, Tatiana"]
[Result "0-1"]
[ECO "A58"]
[WhiteElo "1867"]
[BlackElo "2190"]
[Annotator "Koller,Martin"]
[PlyCount "87"]
[TimeControl "240+2"]

{279MB} 1. d4 Nf6 2. c4 c5 3. d5 b5 4. cxb5 a6 5. bxa6 g6 6. Nc3 Bg7 7. e4 O-O
8. Nf3 Qa5 9. Bd2 Bxa6 10. Bxa6 Qxa6 11. Qe2 d6 12. Qxa6 Nxa6 13. a3 Rfb8 14.
Rb1 Rb3 15. e5 Nd7 16. exd6 exd6 17. O-O Ne5 18. Nxe5 Bxe5 19. Ne4 f5 20. Nc3
Nc7 21. Rfd1 Rab8 22. Na4 Nxd5 23. Ba5 R8b5 24. Bd8 Bd4 25. g3 h6 26. Rbc1 Rb8
27. Nc3 Rxd8 28. Nxd5 Bxb2 29. Rb1 c4 30. Ne7+ Kf7 31. Nc6 Ra8 32. Rxd6 Bxa3
33. Rd7+ Kf6 34. Rxb3 cxb3 35. Rb7 b2 36. Nd4 Bc5 37. Rxb2 Bxd4 38. Rd2 Ke5 39.
Kg2 Rb8 40. h4 Rb2 41. Rxb2 Bxb2 42. Kf3 Bd4 43. h5 Kf6 44. Ke2 neèitelné 0-1

[Event "International chess holiday K21"]
[Site "?"]
[Date "2017.07.25"]
[Round "5"]
[White "Moerling, Joakim"]
[Black "Schoenmakers, Nico"]
[Result "1-0"]
[ECO "D36"]
[WhiteElo "2000"]
[BlackElo "1808"]
[Annotator "Koller,Martin"]
[PlyCount "117"]
[TimeControl "240+2"]

{279MB} 1. d4 d5 2. c4 e6 3. Nc3 Nf6 4. cxd5 exd5 5. Bg5 Be7 6. e3 c6 7. Bd3
O-O 8. Qc2 Nbd7 9. Nge2 h6 10. Bh4 Re8 11. O-O Nf8 12. f3 c5 13. Rad1 cxd4 14.
Nxd4 a6 15. Kh1 g6 16. Qf2 Ne6 17. Bb1 Nxd4 18. Rxd4 Qb6 19. Bxf6 Qxf6 20. Nxd5
Qe5 21. Nxe7+ Qxe7 22. e4 Bd7 23. Rfd1 Bc6 24. a3 Rad8 25. Kg1 Rxd4 26. Qxd4
Qe5 27. Ba2 Qxd4+ 28. Rxd4 Kf8 29. Kf2 Kg7 30. Ke3 Kf8 31. Kd3 Bb5+ 32. Bc4 Bc6
33. Kc3 Rc8 34. Kb4 Ke7 35. Rd2 Bd7 36. Bxf7 Rc6 37. Bd5 Rb6+ 38. Kc3 g5 39. h3
Ba4 40. Rd4 Bd7 41. Rb4 Rxb4 42. axb4 Bb5 43. g3 b6 44. f4 Bf1 45. h4 gxh4 46.
gxh4 Kf6 47. Kd4 Bb5 48. Bc4 Bd7 49. Bxa6 Bc6 50. Bc4 Bb7 51. Bb5 Ba8 52. f5
Bb7 53. Bd7 Ke7 54. Be6 Kf6 55. b5 Ke7 56. Ke5 h5 57. f6+ Ke8 58. Kf5 Kf8 59.
Bd7 1-0

[Event "International chess holiday K22"]
[Site "?"]
[Date "2017.07.25"]
[Round "5"]
[White "Vorisek, Jakub"]
[Black "Sedlak, Ludek"]
[Result "1-0"]
[ECO "C50"]
[WhiteElo "1883"]
[BlackElo "1935"]
[Annotator "Koller,Martin"]
[PlyCount "55"]
[TimeControl "240+2"]

{279MB} 1. e4 e5 2. Nf3 Nc6 3. Bc4 Nf6 4. d4 exd4 5. O-O d6 6. Nxd4 Be7 7. Nc3
O-O 8. f4 a6 9. a4 Nxe4 10. Nxe4 d5 11. Nxc6 bxc6 12. Bd3 dxe4 13. Bxe4 Bc5+
14. Kh1 Qxd1 15. Rxd1 Bg4 16. Rf1 Rad8 17. h3 Be2 18. Re1 Bc4 19. Be3 Bxe3 20.
Rxe3 Rd2 21. Rae1 f5 22. Bxc6 Rxc2 23. Bf3 Rxb2 24. Rc3 Rb4 25. Rxc4 a5 26.
Rxb4 axb4 27. Bd5+ Kh8 28. a5 1-0

[Event "International chess holiday K22"]
[Site "?"]
[Date "2017.07.25"]
[Round "5"]
[White "Michalek, Frantisek"]
[Black "Kovar, Jan"]
[Result "1/2-1/2"]
[ECO "C01"]
[WhiteElo "2065"]
[BlackElo "1870"]
[Annotator "Koller,Martin"]
[PlyCount "42"]
[TimeControl "240+2"]

{279MB} 1. e4 e6 2. d4 d5 3. Nc3 Nf6 4. exd5 exd5 5. Bd3 Be7 6. Bf4 a6 7. Nge2
Bg4 8. Qd2 Bh5 9. Ng3 Bg6 10. Nf5 O-O 11. O-O Re8 12. Nxe7+ Rxe7 13. Bxg6 hxg6
14. Bg5 Nbd7 15. Rae1 Rxe1 16. Rxe1 Qf8 17. Bxf6 Nxf6 18. f3 Re8 19. Rxe8 Nxe8
20. Nd1 Qe7 21. Nf2 Nd6 1/2-1/2

[Event "International chess holiday K22"]
[Site "?"]
[Date "2017.07.25"]
[Round "5"]
[White "Sniegon, Adam"]
[Black "Pribyl, Jaroslav"]
[Result "1-0"]
[ECO "D36"]
[WhiteElo "1740"]
[BlackElo "1951"]
[Annotator "Koller,Martin"]
[PlyCount "91"]
[TimeControl "240+2"]

{279MB} 1. d4 d5 2. c4 c6 3. Nc3 Nf6 4. Nf3 e6 5. cxd5 exd5 6. Bg5 Be7 7. e3
O-O 8. Bd3 Re8 9. Qc2 Nbd7 10. O-O Nf8 11. Rac1 Ne4 12. Bxe4 Bxg5 13. Bd3 Bh6
14. b4 a6 15. Rfe1 g6 16. a4 Qf6 17. b5 axb5 18. axb5 Be6 19. bxc6 bxc6 20. Na4
Rac8 21. Ne5 Nd7 22. Nxd7 Bxd7 23. Nb6 Rc7 24. Nxd5 cxd5 25. Qxc7 Re7 26. Qd8+
Kg7 27. Qa8 Qg5 28. Qb8 Bf5 29. Bxf5 Qxf5 30. Rc8 Qe4 31. Rg8+ Kf6 32. Qd6+ Re6
33. Qd8+ Re7 34. Re8 Bg5 35. Qxe7+ Qxe7 36. Rxe7 Kxe7 37. Rc1 Ke6 38. Kf1 Be7
39. Ke2 h6 40. Kd3 Bd6 41. g3 h5 42. e4 dxe4+ 43. Kxe4 f5+ 44. Kd3 g5 45. Rc6
Kd5 46. Rxd6+ 1-0

[Event "International chess holiday K22"]
[Site "?"]
[Date "2017.07.25"]
[Round "5"]
[White "Hammerman, Christian"]
[Black "Reichman, Steffen"]
[Result "0-1"]
[ECO "B09"]
[WhiteElo "1836"]
[BlackElo "1968"]
[Annotator "Koller,Martin"]
[PlyCount "82"]
[TimeControl "240+2"]

{279MB} 1. e4 c6 2. d4 d6 3. f4 g6 4. Nf3 Bg7 5. Bc4 Nf6 6. Nc3 O-O 7. O-O Nxe4
8. Nxe4 d5 9. Nf6+ Bxf6 10. Bd3 Bg4 11. c3 Qb6 12. Qe1 Bxf3 13. Rxf3 c5 14.
dxc5 Qxc5+ 15. Kh1 Nc6 16. f5 Ne5 17. Rh3 Nxd3 18. Rxd3 d4 19. Bh6 Rfd8 20.
fxg6 hxg6 21. cxd4 Qb5 22. Rb3 Qd5 23. Be3 Rac8 24. Qe2 Qe4 25. Qd3 Qxd3 26.
Rxd3 Rc2 27. Rb1 e5 28. d5 e4 29. Rdd1 b6 30. Bc1 Be5 31. Bg5 f6 32. Bc1 Kf7
33. a3 Bd6 34. Re1 f5 35. b4 Be5 36. Rd1 f4 37. Kg1 e3 38. h3 e2 39. Re1 Bd4+
40. Kh2 g5 41. h4 Bf2 0-1

[Event "International chess holiday K22"]
[Site "?"]
[Date "2017.07.25"]
[Round "5"]
[White "Phillip, Mathias"]
[Black "Trebbin, Wolfhard"]
[Result "1-0"]
[ECO "B22"]
[WhiteElo "1982"]
[BlackElo "1947"]
[Annotator "Koller,Martin"]
[PlyCount "127"]
[TimeControl "240+2"]

{279MB} 1. e4 c5 2. Nf3 e6 3. c3 Nf6 4. e5 Nd5 5. d4 cxd4 6. cxd4 d6 7. Nc3
dxe5 8. Nxe5 Nd7 9. Bb5 Bb4 10. Qb3 O-O 11. O-O N7b6 12. a3 Be7 13. Rd1 a6 14.
Bd3 f6 15. Nf3 Rf7 16. Be4 Rb8 17. Bd2 Bd7 18. Nxd5 Nxd5 19. Bxd5 exd5 20. Qxd5
Bc6 21. Qxd8+ Rxd8 22. Be3 Bxf3 23. gxf3 Bd6 24. f4 f5 25. Rac1 Rfd7 26. Kg2 g5
27. fxg5 f4 28. Bd2 Rg7 29. Kf3 Rxg5 30. Rg1 Rg7 31. Rxg7+ Kxg7 32. Bxf4 Bxf4
33. Kxf4 Rxd4+ 34. Ke3 Rd7 35. f4 Kf6 36. h3 Re7+ 37. Kf3 Rd7 38. Re1 Rd5 39.
Re3 Rb5 40. b3 a5 41. Ke4 h5 42. h4 Rb6 43. Rd3 Rb5 44. Rd6+ Kg7 45. Rd5 Rxb3
46. Rxa5 b6 47. Rxh5 Rxa3 48. Rg5+ Kh6 49. Kf5 b5 50. Kg4 b4 51. Rb5 b3 52.
Rb6+ Kg7 53. h5 Kh7 54. Kg5 Ra1 55. Rb7+ Kg8 56. Rxb3 Rg1+ 57. Kf5 Rh1 58. Kg4
Rg1+ 59. Rg3 Rf1 60. Kg5 Kh7 61. f5 Ra1 62. Rg4 Ra5 63. Rb4 Ra7 64. Rb6 1-0

[Event "International chess holiday M21"]
[Site "?"]
[Date "2017.07.26"]
[Round "6"]
[White "Houska, Jiri"]
[Black "Malinarski, Yehuda"]
[Result "1-0"]
[ECO "E99"]
[WhiteElo "2191"]
[BlackElo "2081"]
[Annotator "Koller,Martin"]
[PlyCount "45"]
[TimeControl "240+2"]

{279MB} 1. d4 Nf6 2. c4 g6 3. Nc3 Bg7 4. e4 d6 5. Nf3 O-O 6. Be2 e5 7. O-O Nc6
8. d5 Ne7 9. Ne1 Nd7 10. Be3 f5 11. f3 Nf6 12. c5 f4 13. Bf2 g5 14. Rc1 Ng6 15.
cxd6 cxd6 16. Nb5 Rf7 17. Qc2 Bf8 18. Nc7 Bd7 19. Nxa8 Qxa8 20. a4 a6 21. a5 h5
22. Qb3 Ne8 23. h3 neèitelné 1-0

[Event "International chess holiday M21"]
[Site "?"]
[Date "2017.07.26"]
[Round "6"]
[White "Kasparov, Sergey"]
[Black "Vojta, Tomas"]
[Result "1/2-1/2"]
[ECO "B01"]
[WhiteElo "2474"]
[BlackElo "2367"]
[Annotator "Koller,Martin"]
[PlyCount "81"]
[TimeControl "240+2"]

{279MB} 1. e4 d5 2. exd5 Nf6 3. d4 Bg4 4. Be2 Bxe2 5. Qxe2 Qxd5 6. Nf3 Nc6 7.
c4 Qf5 8. O-O e6 9. d5 Nb4 10. a3 Nc2 11. Ra2 Bc5 12. b4 Nd4 13. Nxd4 Bxd4 14.
Nd2 c5 15. Nb3 Rc8 16. dxe6 fxe6 17. Nxd4 cxd4 18. Rd2 d3 19. Rxd3 Rxc4 20. Rf3
Qd5 21. Bb2 O-O 22. h3 Re4 23. Re3 Rxe3 24. Qxe3 b6 25. Re1 Kf7 26. Rc1 Qd7 27.
Bxf6 gxf6 28. Qh6 Kg8 29. Rc3 Qe7 30. Qf4 e5 31. Qf5 Rd8 32. g4 Kg7 33. Rg3
Rd1+ 34. Kh2 Qd7 35. Qxd7+ Rxd7 36. Rc3 Kg6 37. Kg3 h5 38. f3 hxg4 39. hxg4 Kg5
40. Re3 Rd2 41. Rc3 1/2-1/2

[Event "International chess holiday M21"]
[Site "?"]
[Date "2017.07.26"]
[Round "6"]
[White "Hentzgen, Thomas"]
[Black "Thomassson, Staffan"]
[Result "1-0"]
[ECO "B26"]
[WhiteElo "2015"]
[BlackElo "1921"]
[Annotator "Koller,Martin"]
[PlyCount "57"]
[TimeControl "240+2"]

{279MB} 1. e4 c5 2. Nc3 g6 3. g3 Bg7 4. Bg2 Nc6 5. d3 d6 6. Be3 e6 7. Qd2 Nd4
8. Nd1 Ne7 9. c3 Ndc6 10. Nf3 b6 11. Bh6 Bf6 12. d4 e5 13. dxc5 dxc5 14. Qxd8+
Nxd8 15. Ne3 Bb7 16. Ng4 Ng8 17. Nxf6+ Nxf6 18. Bg7 Nxe4 19. Bxh8 f6 20. Nxe5
fxe5 21. Bxe5 Nf7 22. Bf4 g5 23. Be3 O-O-O 24. O-O Ne5 25. Rad1 Rg8 26. f3 Nf6
27. Bxg5 Nd5 28. Bc1 c4 29. Rd4 1-0

[Event "International chess holiday M21"]
[Site "?"]
[Date "2017.07.26"]
[Round "6"]
[White "Lokander, Martin"]
[Black "Hogeman, Joel"]
[Result "1-0"]
[ECO "A10"]
[WhiteElo "2329"]
[BlackElo "2091"]
[Annotator "Koller,Martin"]
[PlyCount "66"]
[TimeControl "240+2"]

{279MB} 1. Nf3 e6 2. c4 f5 3. g3 Nf6 4. Bg2 c6 5. O-O d5 6. b3 Nbd7 7. Bb2 Bd6
8. d3 Qe7 9. Nbd2 Nc5 10. Ne5 O-O 11. f4 a5 12. e4 Bd7 13. Qe2 Be8 14. Bf3 a4
15. Bd4 a3 16. Rae1 Qc7 17. Qf2 Na6 18. c5 Be7 19. exf5 exf5 20. Re2 Bh5 21.
Rfe1 Rae8 22. Bxh5 Nxh5 23. Nb1 Bf6 24. Nxa3 Nb4 25. Qf3 g6 26. Nc2 Nxa2 27.
Kg2 Ng7 28. Ra1 Ra8 29. Bb2 Qa5 30. d4 Qb5 31. Na3 Rxa3 32. Bxa3 Nb4 33. Bxb4
Qxb4 1-0